 Dungeon Crawl Stone Soup version 0.23-a0-641-g0a7f1ce553 (webtiles) character file.

82149 HereIgoKillingAgain the Severer (level 15, -12/147 HPs)
             Began as a Hill Orc Fighter on Dec 30, 2018.
             Was the Champion of Makhleb.
             Mangled by an ettin
             ... wielding a +0 dire flail
              (29 damage)
             ... on level 14 of the Dungeon.
             The game lasted 00:32:43 (22620 turns).

HereIgoKillingAgain the Severer (Hill Orc Fighter) Turns: 22620, Time: 00:32:44

Health: -12/147    AC: 23    Str: 21    XL:     15   Next: 72%
Magic:  25/25      EV:  8    Int: 17    God:    Makhleb [******]
Gold:   382        SH:  0    Dex: 10    Spells: 14/14 levels left

rFire    + . .     SeeInvis .   b - +5 broad axe (elec)
rCold    . . .     Gourm    .   (no shield)
rNeg     . . .     Faith    .   L - +1 chain mail of Puvug {rF+ Regen+ Int+4} (curse)
rPois    .         Spirit   .   i - +2 helmet
rElec    .         Reflect  .   o - scarf {repulsion}
rCorr    .         Harm     .   E - +2 pair of gloves {archery}
MR       +++..                  r - +2 pair of boots
Stlth    ..........             (no amulet)
HPRegen  0.74/turn              B - ring of protection from magic
MPRegen  0.19/turn              l - ring of protection from magic

@: confused, studying Bows, repel missiles
A: no striking features
a: Minor Destruction, Lesser Servant of Makhleb, Major Destruction, Greater
Servant of Makhleb, Renounce Religion


You were on level 14 of the Dungeon.
You worshipped Makhleb.
Makhleb was exalted by your worship.
You were not hungry.

You visited 3 branches of the dungeon, and saw 21 of its levels.
You visited 1 bazaar.

You collected 1393 gold pieces.
You spent 1011 gold pieces at shops.

Inventory:

Hand Weapons
 a - a +2 halberd of flaming
 b - a +5 broad axe of electrocution (weapon)
Armour
 i - a +2 helmet (worn)
 o - a scarf of repulsion (worn)
 r - a +2 pair of boots (worn)
 E - a +2 pair of gloves of archery (worn)
 L - the cursed +1 chain mail of Puvug (worn) {rF+ Regen+ Int+4}
   (You found it on level 13 of the Dungeon)

   It affects your intelligence (+4).
   It protects you from fire.
   It increases your rate of regeneration.
   It has a curse placed upon it.
Jewellery
 l - a ring of protection from magic (right hand)
 t - a +2 ring of evasion {unknown}
 B - a ring of protection from magic (left hand)
Wands
 c - a wand of clouds (3)
 D - a wand of enslavement (11)
 F - a wand of disintegration (21)
 G - a wand of digging (3)
 H - a wand of paralysis (8)
 M - a wand of acid (19)
 N - a wand of iceblast (17)
Scrolls
 d - 3 scrolls of teleportation
 e - 4 scrolls of magic mapping
 g - 2 scrolls of immolation
 k - 16 scrolls of remove curse
 m - 2 scrolls of brand weapon
 p - 9 scrolls of identify
 q - 6 scrolls of fog
 y - a scroll of acquirement
 z - 2 scrolls of enchant armour
 A - 5 scrolls of amnesia
 J - 2 scrolls of fear
Potions
 h - 11 potions of curing
 j - a potion of cancellation
 s - 2 potions of berserk rage
 u - a potion of heal wounds
 v - 2 potions of haste
 w - a potion of ambrosia
 x - 2 potions of might
 C - 4 potions of brilliance
 K - 2 potions of agility
 O - a potion of resistance
Books
 n - a manual of Bows
Comestibles
 f - 34 rations


   Skills:
 * Level 17.1 Fighting
 - Level 20.7 Axes
 + Level 11.9 Armour
   Level 3.2 Shields
 + Level 14.3 Invocations


You had 14 spell levels left.
You didn't know any spells.
Your spell library contained the following spells:

 Spells                   Type           Power        Failure   Level  Hunger
 Corona                   Hex            #......      80%         1    ##.....
 Infusion                 Chrm           #...         80%         1    ##.....
 Summon Small Mammal      Summ           #...         80%         1    ##.....
 Call Imp                 Summ           #.......     91%         2    ###....
 Corpse Rot               Necr           N/A          91%         2    ###....
 Ensorcelled Hibernation  Hex/Ice        #.....       91%         2    ###....
 Shroud of Golubria       Chrm/Tloc      #.........   91%         2    ###....
 Song of Slaying          Chrm           #.......     91%         2    ###....
 Sublimation of Blood     Necr           #.........   91%         2    ###....
 Call Canine Familiar     Summ           #.......     99%         3    ####...
 Confuse                  Hex            #.......     99%         3    ####...
 Dazzling Spray           Conj/Hex       #.....       99%         3    ####...
 Regeneration             Chrm/Necr      #.........   99%         3    ####...
 Spectral Weapon          Hex/Chrm       #.......     99%         3    ####...
 Summon Guardian Golem    Hex/Summ       #.......     99%         3    ####...
 Tukima's Dance           Hex            #.......     99%         3    ####...
 Summon Ice Beast         Ice/Summ       #.......     100%        4    #####..
 Summon Lightning Spire   Summ/Air       #.......     100%        4    #####..
 Agony                    Necr           #.......     100%        5    ######.
 Bolt of Draining         Conj/Necr      #.........   100%        5    ######.
 Bolt of Magma            Conj/Fire/Erth #.........   100%        5    ######.
 Dispel Undead            Necr           #.......     100%        5    ######.
 Excruciating Wounds      Chrm/Necr      #.........   100%        5    ######.
 Iskenderun's Battlesphe  Conj/Chrm      #.......     100%        5    ######.
 Venom Bolt               Conj/Pois      #.........   100%        5    ######.
 Iron Shot                Conj/Erth      #.........   100%        6    #######
 Orb of Destruction       Conj           #.........   100%        7    #######
 Spellforged Servitor     Conj/Summ      #.........   100%        7    #######


Dungeon Overview and Level Annotations

Branches:
Dungeon (14/15)            Temple (1/1) D:4            Lair (6/6) D:9
 Shoals (0/4) Lair:4        Snake (0/4) Lair:2        Slime (0/5) Lair:6
    Orc (0/2) D:10
 Vaults: D:13-14

Altars:
Ashenzari
Cheibriados
Dithmenos
Elyvilon
Fedhas
Gozag
Hepliaklqana
Kikubaaqudgha
Makhleb
Nemelex Xobeh
Okawaru
Qazlal
Ru
Sif Muna
Trog
Uskayaw
Vehumet
Wu Jian
Xom
Yredelemnul
Zin
The Shining One

Shops:
D:4 !   D:9 (

Portals:
Trove: D:11 (give +3 gold dragon scales)

Annotations:
Lair:4 1 runed door, Raghazun's ghost, journeyman NaEn
Lair:6 1 runed door, exclusion: oklob plant, CheiIsBae's ghost, journeyman DrTm


Message History

The ettin hits you with a +0 dire flail of protection!
* * * LOW HITPOINT WARNING * * *
Okay, then.
Evoke which item? (* to show all) (? for menu, Esc to quit)
Okay, then.
Okay, then.
Evoke which item? (* to show all) (? for menu, Esc to quit)
Aiming: Disintegrate
Press: ? - help, Shift-Dir - straight line, f - ettin
Aim: an ettin, wielding a +0 dire flail and a +0 dire flail of protection
Okay, then.
Evoke which item? (* to show all) (? for menu, Esc to quit)
Aiming: Cloud Cone
Press: ? - help, Dir - move target cursor, f - ettin
Aim: an ettin, wielding a +0 dire flail and a +0 dire flail of protection
Okay, then.
You are confused.
You feel invigorated.
The ettin hits you with a +0 dire flail!!
You die...

############ #..........######
#.#.............#
#.#.##########..# #.#.#
...#..###### #.#.#
#..#..>....####### ######.#.#
#..#.............. ....^..#.#
#C.#.##....##.###.
######.#.#######@.#.##.#.###.#
#. #.#..........#.##.#.# #.#
#. #...##...#####.##.#.###.#
#.
######..............##....##.#
#.
#.............##..........##.#
#.
#.####.##.###.##.########.##.#
#. #.####.##.##...#.# #.##.#
## #...)...#.#......# #.##.#
######.#)..).....########.##.#


You could see an ettin.

Vanquished Creatures
  Snorg (D:13)
  Fannar (D:10)
  Erolcha (D:10)
  The ghost of Miobiblu the Basher, a journeyman TrBe of Trog (Lair:1)
  6 hydras
  2 catoblepae
  A death knight (D:14)
  2 two-headed ogres
  3 death yaks (Lair:6)
  2 tengu warriors (D:13)
  A queen ant (Lair:3)
  7 unseen horrors
  13 skeletal warriors
  2 lindwurms (Lair:6)
  9 ugly things
  3 cyclopes
  A deep elf mage (D:13)
  2 manticores
  10 elephants
  Maurice (D:13)
  7 black mambas
  11 spiny frogs
  2 kobold demonologists
  A torpor snail (Lair:5)
  An efreet (D:14)
  8 rime drakes
  2 freezing wraiths (D:14)
  A harpy zombie (D:14)
  3 komodo dragons
  2 jumping spiders (shapeshifter) (D:14)
  5 trolls
  A polar bear (Lair:3)
  2 slime creatures
  20 blink frogs
  12 dream sheep
  11 hippogriffs
  A centaur simulacrum (D:14)
  Sigmund (D:6)
  2 shadows (D:11)
  A spriggan (D:7)
  2 water elementals (D:13)
  2 wraiths
  42 yaks
  5 wyverns
  8 vampire mosquitoes (D:13)
  3 basilisks
  3 hungry ghosts
  Menkaure (D:7)
  13 water moccasins
  9 soldier ants
  Duvessa (D:4)
  10 porcupines
  15 orc warriors
  3 ice beasts
  9 ogres
  A sky beast (D:12)
  3 phantoms
  An eye of draining (shapeshifter) (D:14)
  A necrophage (D:12)
  9 wolves
  14 centaurs
  16 crocodiles
  5 big kobolds
  6 gnoll sergeants (D:10)
  18 bullfrogs
  A wyvern zombie (D:11)
  2 spiny frog simulacra (Lair:1)
  A water moccasin zombie (D:9)
  4 scorpions
  A water moccasin skeleton (D:4)
  A blink frog simulacrum (Lair:1)
  Dowan (D:4)
  19 killer bees
  5 electric eels
  7 wights
  2 howler monkeys
  9 crimson imps
  A bullfrog zombie (D:9)
  4 quasits
  4 centaur zombies
  A hippogriff simulacrum (Lair:1)
  6 hounds
  4 orc priests
  4 centaur skeletons
  5 jellies
  2 bullfrog skeletons
  A gnoll shaman (D:7)
  37 worker ants
  3 iguanas
  10 orc wizards
  A hound zombie (D:10)
  A hound skeleton (D:9)
  A worker ant zombie (D:11)
  A howler monkey skeleton (D:7)
  13 gnolls
  12 adders
  2 crocodile simulacra (Lair:1)
  3 shadow imps (D:9)
  3 adder skeletons
  5 worms
  12 leopard geckos
  58 orcs
  8 bats
  6 giant cockroaches
  A goblin (D:3)
  7 hobgoblins
  11 jackals
  3 quokkas
  2 ball pythons (D:2)
  7 frilled lizards
  33 kobolds
  A leopard gecko skeleton (D:9)
  11 rats
  3 fungi
  3 plants
706 creatures vanquished.

Vanquished Creatures (collateral kills)
  A dire elephant (Lair:6)
  A manticore (Lair:6)
  An elephant (Lair:5)
3 creatures vanquished.

Vanquished Creatures (others)
  5 fungi (Lair:6)
  8 plants
13 creatures vanquished.

Grand Total: 722 creatures vanquished

Notes
Turn   | Place    | Note
-------+----------+-------------------------------------------
     0 | D:1      | HereIgoKillingAgain the Hill Orc Fighter began the quest
                  | for the Orb.
     0 | D:1      | Reached XP level 1. HP: 19/19 MP: 1/1
    95 | D:1      | Reached skill level 3 in Axes
   233 | D:1      | Reached XP level 2. HP: 26/26 MP: 2/2
   280 | D:1      | Reached skill level 4 in Axes
   454 | D:1      | Reached XP level 3. HP: 31/31 MP: 3/3
   683 | D:2      | Reached skill level 5 in Axes
   892 | D:2      | Reached XP level 4. HP: 17/39 MP: 4/4
  1338 | D:3      | Reached skill level 6 in Axes
  1493 | D:3      | Noticed a bullfrog
  1499 | D:3      | Killed a bullfrog
  1499 | D:3      | Reached skill level 7 in Axes
  1499 | D:3      | Reached XP level 5. HP: 35/45 MP: 5/5
  1859 | D:3      | Reached skill level 8 in Axes
  1859 | D:3      | Reached XP level 6. HP: 16/51 MP: 6/6
  2734 | D:4      | Found Estim's Distillery.
  2735 | D:4      | Noticed an orc warrior
  2745 | D:4      | Killed an orc warrior
  2745 | D:4      | Reached skill level 9 in Axes
  2759 | D:4      | Bought a potion of curing for 33 gold pieces
  2759 | D:4      | Bought a potion of might for 44 gold pieces
  2759 | D:4      | Bought a potion of berserk rage for 55 gold pieces
  2759 | D:4      | Bought a potion of curing for 33 gold pieces
  2759 | D:4      | Bought a potion of berserk rage for 55 gold pieces
  2974 | D:4      | Noticed a phantom
  2985 | D:4      | Killed a phantom
  2985 | D:4      | Reached XP level 7. HP: 57/57 MP: 7/7
  3010 | D:4      | Reached skill level 10 in Axes
  3694 | D:4      | Found a staircase to the Ecumenical Temple.
  3730 | Temple   | Entered the Ecumenical Temple
  3932 | Temple   | Became a worshipper of Makhleb the Destroyer
  3951 | D:4      | Noticed Duvessa
  3954 | D:4      | Noticed Dowan
  3963 | D:4      | Killed Dowan
  3963 | D:4      | Reached skill level 11 in Axes
  3968 | D:4      | Killed Duvessa
  3968 | D:4      | Reached XP level 8. HP: 13/64 MP: 8/8
  4386 | D:5      | Entered Level 5 of the Dungeon
  4422 | D:5      | Reached skill level 12 in Axes
  4622 | D:5      | Found a glowing silver altar of Zin.
  5235 | D:5      | Identified a scroll of acquirement
  5285 | D:6      | Reached skill level 13 in Axes
  5466 | D:6      | Found a snail-covered altar of Cheibriados.
  5556 | D:6      | Noticed Sigmund
  5568 | D:6      | Killed Sigmund
  5568 | D:6      | Reached skill level 14 in Axes
  5568 | D:6      | Reached XP level 9. HP: 52/70 MP: 2/9
  5857 | D:6      | Found a shattered altar of Ashenzari.
  6035 | D:6      | Reached * piety under Makhleb
  6611 | D:7      | Reached skill level 15 in Axes
  6632 | D:7      | Found an ancient bone altar of Kikubaaqudgha.
  6652 | D:7      | Noticed Menkaure
  6658 | D:7      | Killed Menkaure
  6739 | D:7      | Found a shattered altar of Ashenzari.
  7269 | D:8      | Found a shimmering altar of Xom.
  7295 | D:8      | Reached skill level 16 in Axes
  7441 | D:8      | Reached XP level 10. HP: 75/77 MP: 8/10
  7445 | D:8      | Reached ** piety under Makhleb
  7717 | D:8      | Killed an unseen horror
  7717 | D:8      | Reached skill level 17 in Axes
  7942 | D:9      | Found a staircase to the Lair.
  7942 | D:9      | Noticed an elephant
  7955 | D:9      | Killed an elephant
  7964 | D:9      | Reached skill level 18 in Axes
  8069 | D:9      | Noticed a two-headed ogre
  8105 | D:9      | Killed a two-headed ogre
  8500 | D:9      | Reached skill level 19 in Axes
  9387 | D:9      | Noticed an eight-headed hydra
  9395 | D:9      | Killed an eight-headed hydra
  9395 | D:9      | Reached XP level 11. HP: 54/82 MP: 3/11
  9517 | D:9      | Found Dito's Weapon Shoppe.
  9647 | D:10     | Entered Level 10 of the Dungeon
  9678 | D:10     | Reached *** piety under Makhleb
  9710 | D:10     | Killed an unseen horror
  9723 | D:10     | Noticed Erolcha
  9739 | D:10     | Killed Erolcha
  9739 | D:10     | Reached skill level 20 in Axes
  9859 | D:10     | Found a staircase to the Orcish Mines.
 10207 | D:10     | Reached skill level 1 in Invocations
 10607 | D:10     | Noticed Fannar
 10627 | D:10     | Killed Fannar
 10689 | D:10     | Reached skill level 5 in Fighting
 10713 | D:10     | Reached **** piety under Makhleb
 11222 | D:11     | Noticed a white ugly thing
 11503 | Lair:1   | Entered Level 1 of the Lair of Beasts
 11541 | Lair:1   | Reached skill level 5 in Invocations
 11692 | Lair:1   | Found a runed gate.
 11692 | Lair:1   | Found a runed gate.
 11692 | Lair:1   | Found a runed gate.
 11832 | Lair:1   | Reached XP level 12. HP: 93/97 MP: 12/16
 11955 | Lair:1   | Noticed Miobiblu's ghost (journeyman TrBe)
 12153 | Lair:1   | Reached skill level 5 in Armour
 12485 | Lair:1   | Killed Miobiblu's ghost
 12543 | Lair:1   | Got the ring of Hijofolu {Fire}
 12547 | Lair:1   | Identified the ring of Hijofolu {Fire Int+5} (You found it
                  | on level 1 of the Lair of Beasts)
 12613 | Lair:2   | Noticed a seven-headed hydra
 12638 | Lair:1   | HP: 5/101 [poisoned by a spiny frog]
 12644 | Lair:1   | HP: 4/101 [poisoned by a spiny frog]
 12650 | Lair:1   | HP: 3/101 [poisoned by a spiny frog]
 12658 | Lair:1   | HP: 3/101 [poisoned by a spiny frog]
 13183 | Lair:2   | Reached ***** piety under Makhleb
 13463 | Lair:2   | Killed a one-headed hydra
 14038 | Lair:2   | Found a staircase to the Snake Pit.
 14501 | Lair:3   | Reached skill level 10 in Fighting
 14645 | Lair:3   | Reached XP level 13. HP: 113/113 MP: 19/19
 15096 | Lair:3   | Got an iridescent battleaxe
 15142 | Lair:3   | Reached ****** piety under Makhleb
 15420 | Lair:3   | Identified the cursed +0 battleaxe "Sicecva" {speed, Str+3}
                  | (You found it on level 3 of the Lair of Beasts)
 15449 | Lair:4   | Found a staircase to the Shoals.
 15553 | Lair:4   | Reached skill level 10 in Invocations
 15867 | Lair:4   | Found a runed door.
 15867 | Lair:4   | Noticed a dire elephant
 15867 | Lair:4   | Noticed Raghazun's ghost (journeyman NaEn)
 17061 | Lair:6   | Entered Level 6 of the Lair of Beasts
 17350 | Lair:6   | Reached XP level 14. HP: 96/129 MP: 22/22
 17474 | Lair:6   | Noticed a dire elephant
 18042 | Lair:6   | Reached skill level 10 in Armour
 18184 | Lair:6   | Found a staircase to the Slime Pits.
 18561 | Lair:6   | Found a runed door.
 18561 | Lair:6   | Identified the +8 trident of the Wolf {freeze, *Noise Int+3
                  | Stlth+}
 18684 | Lair:6   | Killed a dire elephant
 18904 | Lair:6   | Got a crude mace
 18906 | Lair:6   | Identified the +6 mace of Crawling {pain, *Noise MR+ Str+8
                  | Dex+2} (You found it on level 6 of the Lair of Beasts)
 18927 | Lair:6   | Noticed CheiIsBae's ghost (journeyman DrTm)
 19274 | D:9      | Identified the amulet "Oty Ciovicy" {Reflect rElec rC+
                  | Int+9 Slay-4 SH+4}
 19325 | D:11     | Found a gateway to a bazaar.
 19332 | Bazaar   | Entered a bazaar
 19332 | Bazaar   | Found Vof Baun's Antique Weapon Shop.
 19332 | Bazaar   | Found Neaperal's Antique Armour Shop.
 19378 | Bazaar   | Found Ciweum's General Store.
 19404 | Bazaar   | Bought an ancient plate armour for 728 gold pieces
 19429 | Bazaar   | Bought a potion of heal wounds for 45 gold pieces
 19429 | Bazaar   | Bought a scroll of identify for 18 gold pieces
 19449 | Bazaar   | Identified the +1 plate armour "Dihuumump" {Int+3} (You
                  | bought it in a shop in a bazaar)
 19743 | D:11     | Reached skill level 15 in Fighting
 20248 | D:11     | Found a portal to a secret trove of treasure.
 21319 | D:13     | Reached XP level 15. HP: 138/143 MP: 24/24
 21368 | D:13     | Noticed Maurice
 21378 | D:13     | Noticed Snorg
 21382 | D:13     | Killed Maurice
 21389 | D:13     | Killed Snorg
 21680 | D:13     | Got a faintly humming chain mail
 21681 | D:13     | Identified the cursed +1 chain mail of Puvug {rF+ Regen+
                  | Int+4} (You found it on level 13 of the Dungeon)
 22620 | D:14     | Mangled by an ettin

Vault maps used:
D:1:      denvon_arrival_hothouse, dk_noncrumbling_4
D:2:      kennysheep_generic_room_4
D:4:      kb_forest_paths, minmay_temple_entry_tees, serial_shops, shop,
          first_ration, uniq_duvessa
D:5:      basic_altar
D:6:      old_standard_altar, basic_altar, nrook_mini_backslash, uniq_sigmund
D:7:      nicolae_overflow_hidden_temple, the_bakery, uniq_menkaure
D:8:      xom_butterflies
D:9:      david_lair_generic, serial_bayou, serial_bayou_pond_a,
          serial_bayou_lake_a, serial_bayou_ford_a, serial_bayou_pond_c,
          serial_shops, kennysheep_mini
D:10:     kennysheep_orc_monster_closet_entryway, uniq_erolcha, uniq_fannar
D:11:     trove_entry_hex_spiral, serial_shops, bzr_entry_islet,
          minmay_mirror_moons_of_madness
D:13:     hangedman_corner_corridor, uniq_maurice, uniq_snorg
D:14:     david_vaults_4
Temple:   eino_narrow_crystal_temple
Lair:1:   gammafunk_ghost_icy, beast_lair_carwin_2, infiniplex_staircase_pool,
          grunt_megastairs_1
Lair:2:   dummy_snake_entry, portal_ice_cave_rime
Lair:3:   zaba_antful_of_joy, grunt_megastairs_4, infiniplex_staircase_pool_2
Lair:4:   elwin_shoals_entry_rocks, ebering_ghost_inner_flame,
          serial_bayou_shore_a
Lair:5:   lemuel_fruit_tree, grunt_megastairs_3
Lair:6:   hangedman_lair_in_review, minmay_slime_entry_pillars,
          ebering_ghost_funeral_grove, serial_bayou_pond_a,
          minmay_lair_oklob_items, serial_bayou_shore_b, lemuel_fruit_fields
Bazaar:   bazaar_jpeg_cross

Skill      XL: |  1  2  3  4  5  6  7  8  9 10 11 12 13 14 15 |
---------------+----------------------------------------------+-----
Axes           | 3 4 5 7 8 9 11 14 16 19 20 | 20.7
Invocations    | 5 9 11 13 14 | 14.3
Fighting       | 6 10 13 15 17 | 17.1
Armour         | 4 6 9 10 11 | 11.9
Shields        | |  3.2

Action                   |  1- 3 |  4- 6 |  7- 9 | 10-12 | 13-15 || total
-------------------------+-------+-------+-------+-------+-------++-------
Melee: War axe           |   112 |   141 |   152 |       |       ||   405
       Broad axe         |       |       |   128 |   543 |   928 ||  1599
       Halberd           |       |       |       |     8 |    14 ||    22
Invok: Greater Servant o |       |       |       |       |     3 ||     3
Evoke: Wand              |       |       |       |    15 |     3 ||    18
  Use: Potion            |       |     1 |     3 |     5 |     6 ||    15
       Scroll            |       |       |    18 |    13 |    14 ||    45
 Stab: Confused          |       |       |       |       |     2 ||     2
  Eat: Ration            |       |     2 |     1 |     2 |     6 ||    11
       Chunk             |       |     1 |     9 |    16 |    16 ||    42
Armor: Scale mail        |    59 |    72 |   146 |   279 |   208 ||   764
       Plate armour      |       |       |       |       |   244 ||   244
       Chain mail        |       |       |       |       |    84 ||    84
Dodge: Dodged            |    30 |    33 |    84 |   209 |   324 ||   680
       Deflected         |       |       |       |       |    31 ||    31
Block: Shield            |    79 |   100 |    60 |       |       ||   239

Table legend:
 A = Non-vault XP
 B = Vault XP
 C = Vault XP percentage of total XP
 D = Non-vault monster count
 E = Vault monster count
 F = Vault count percentage of total count
                 A         B        C        D         E       F
            +---------+---------+-------+---------+---------+-------
      Total |   85213 |   32144 |  27.4 |     558 |     145 |  20.6
            +---------+---------+-------+---------+---------+-------
        D:1 |      42 |       0 |   0.0 |      24 |       0 |   0.0
        D:2 |      42 |       3 |   6.7 |      15 |       2 |  11.8
        D:3 |     275 |       0 |   0.0 |      38 |       0 |   0.0
        D:4 |     461 |     410 |  47.1 |      26 |       7 |  21.2
        D:5 |     569 |       0 |   0.0 |      16 |       0 |   0.0
        D:6 |     450 |     227 |  33.5 |      11 |       1 |   8.3
        D:7 |     896 |     387 |  30.2 |      18 |       2 |  10.0
        D:8 |    1762 |       0 |   0.0 |      19 |       0 |   0.0
        D:9 |    3805 |     996 |  20.7 |      41 |       4 |   8.9
       D:10 |    2347 |    3659 |  60.9 |      28 |      22 |  44.0
       D:11 |    5379 |    1269 |  19.1 |      58 |       7 |  10.8
       D:12 |    3850 |       0 |   0.0 |      26 |       0 |   0.0
       D:13 |   15092 |    3876 |  20.4 |      55 |      10 |  15.4
       D:14 |   13366 |    1324 |   9.0 |      36 |       5 |  12.2
     Lair:1 |    4233 |    2669 |  38.7 |      24 |      14 |  36.8
     Lair:2 |    4520 |     773 |  14.6 |      14 |       2 |  12.5
     Lair:3 |    4867 |    3133 |  39.2 |      22 |      38 |  63.3
     Lair:4 |    3818 |     255 |   6.3 |      14 |       1 |   6.7
     Lair:5 |    6708 |    2243 |  25.1 |      30 |       6 |  16.7
     Lair:6 |   12731 |   10920 |  46.2 |      43 |      24 |  35.8
            +---------+---------+-------+---------+---------+-------
